 Dungeon Crawl Stone Soup version 0.22.0-75-g3901e79 (webtiles) character file.

52 Fang the Skirmisher (level 3, 0/24 HPs)
             Began as a Gargoyle Berserker on Sept 12, 2018.
             Was a Believer of Trog.
             Slain by a hound (2 damage)
             ... on level 2 of the Dungeon.
             The game lasted 00:01:07 (1013 turns).

Fang the Skirmisher (Gargoyle Berserker)            Turns: 1013, Time: 00:01:08

Health: 0/24       AC:  5    Str: 21    XL:     3   Next: 85%
Magic:  3/3        EV: 12    Int:  7    God:    Trog [**....]
Gold:   78         SH:  0    Dex:  9    Spells: 2/2 levels left

rFire    . . .     SeeInvis .   a - +0 hand axe
rCold    . . .     Gourm    .   (no shield)
rNeg     + . .     Faith    .   b - +0 animal skin
rPois    ∞         Spirit   .   (no helmet)
rElec    +         Reflect  .   (no cloak)
rCorr    .         Harm     .   (no gloves)
MR       .....                  (no boots)
Stlth    +.........             (no amulet)
HPRegen  0.08/turn              (no ring)
MPRegen  0.08/turn              (no ring)

@: berserk cooldown, slowed, very slow
A: negative energy resistance 1, electricity resistance, unbreathing,
petrification resistance, rot immunity, AC +3
a: Berserk, Trog's Hand, Renounce Religion


You were on level 2 of the Dungeon.
You worshipped Trog.
Trog was pleased with you.
You were not hungry.

You visited 1 branch of the dungeon, and saw 2 of its levels.

You collected 78 gold pieces.

Inventory:

Hand Weapons
 a - a +0 hand axe (weapon)
Armour
 b - a +0 animal skin (worn)
Jewellery
 e - an uncursed ring of see invisible {unknown}
Scrolls
 d - a scroll of random uselessness {unknown}
 g - a scroll of identify {unknown}
 l - a scroll of remove curse {unknown}
 m - a scroll of blinking {unknown}
 p - a scroll of teleportation {unknown}
Potions
 f - a potion of degeneration {unknown}
 h - a potion of mutation {unknown}
 i - a potion of resistance {unknown}
 j - a potion of haste {unknown}
 k - a potion of curing {unknown}
 n - a potion of heal wounds {unknown}
 o - a potion of ambrosia {unknown}
Comestibles
 c - 2 rations
 q - 3 chunks of flesh


   Skills:
 + Level 3.9 Fighting
 + Level 3.4 Axes
 + Level 2.5 Armour
 + Level 1.9 Dodging


You had 2 spell levels left.
You didn't know any spells.
Your spell library was empty.

Dungeon Overview and Level Annotations

Branches:
Dungeon (2/15)

Altars:


Innate Abilities, Weirdness & Mutations

You are resistant to torment.
Your stone body is resilient. (AC +3)
You are immune to poison.
You resist negative energy. (rN+)
You are resistant to electric shocks. (rElec)
You can survive without breathing.
You are immune to petrification.
You are immune to rotting.


Message History

The bat hits you but does no damage. The hound closely misses you.
The hound barely misses you. The bat hits you but does no damage.
The hound bites you but does no damage. The bat hits you but does no damage.
The hound barely misses you. The hound bites you.
* * * LOW HITPOINT WARNING * * *
The bat hits you but does no damage. The hound closely misses you.
The hound bites you but does no damage.
Okay, then.
The hound completely misses you. The bat hits you but does no damage.
The hound bites you.
* * * LOW HITPOINT WARNING * * *
The hound barely misses you. The bat barely misses you.
The hound bites you but does no damage. The hound barely misses you.
The bat hits you but does no damage. The hound closely misses you.
Things that are here:
a dagger; a goblin corpse The bat barely misses you.
The bat hits you but does no damage. The bat misses you. The hound bites you.
You die...

###....#####.#
.............
.........)..
...........
........)>
........[#
.........#
.......@.#
.......hb#
.........#####
.............#
.............#
..[..........#####
.#................
....####..........
#.#. #..........


You could see a hound and a bat.

Vanquished Creatures
  2 worms (D:2)
  A dart slug (D:1)
  6 bats (D:1)
  6 goblins
  5 hobgoblins (D:1)
  11 jackals
  4 kobolds (D:1)
  A ball python (D:1)
  A rat (D:1)
37 creatures vanquished.

Notes
Turn   | Place    | Note
-------+----------+-------------------------------------------
     0 | D:1      | Fang the Gargoyle Berserker began the quest for the Orb.
     0 | D:1      | Reached XP level 1. HP: 14/14 MP: 1/1
   142 | D:1      | Reached XP level 2. HP: 13/19 MP: 2/2
   422 | D:1      | Reached XP level 3. HP: 19/24 MP: 3/3
   811 | D:1      | Reached ** piety under Trog
  1010 | D:2      | HP: 1/24 [hound (1)]
  1013 | D:2      | Slain by a hound

Skill      XL: |  1  2 |
---------------+-------+-----
Axes           | 3 |  3.4
Fighting       | |  3.9
Armour         | |  2.5
Dodging        | |  1.9

Action                   || total
-------------------------++-------
Melee: Hand axe          ||   108
Invok: Berserk           ||     2
  Eat: Chunk             ||     2
Armor: Animal skin       ||    84
Dodge: Dodged            ||   124
